cohdb
Replays
Latest Replays
All Replays
Popular Replays
Top Player Replays
Match Explorer
How It Works
Community
CoH3 Stats
Reddit
Sign in to upload your games and track your stats! →
Sign in with Steam
Match 41467203
Unlisted
Match 41467203
Overview
Messages
Build Orders
End
Kettenkrad Recon Vehicle
Construct Infanterie Kompanie
Selects Mechanized Battlegroup
Grenadier Squad
MG 42 Machine Gun Team
Grenadier Squad
Infanterie Officer Quarters
Sniper
Construct Panzergrenadier Kompanie
Pak 40 Anti-tank Gun Team
251 Medium Carrier
Panzergrenadier Squad
Selects Mobile Repair Stations
Panzergrenadier Officer Quarters
Selects Raid Package
Selects StuG Assault Group
StuG Assault Group
Pak 40 Anti-tank Gun Team
Construct Panzer Kompanie
Selects Wespe Self-propelled Artillery
Panzer IV Medium Tank
Medical Station
MG 42 Machine Gun Team
Wespe Self-propelled Artillery
KevinTDW
kapoc849
M:P小夜
Zoj
0
0
Comments
sign in to comment!
No comments posted yet!